 Dungeon Crawl Stone Soup version 0.30.1-3-gfc49f6343a (webtiles) character file.

Game seed: 5111022461311193081

112965 Peloso the Fencer (level 16, -18/143 HPs)
             Began as a Minotaur Fighter on July 22, 2023.
             Was the Champion of Okawaru.
             Killed from afar by a tengu reaver (49 damage)
             ... with a bolt of cold
             ... in a wizard's laboratory.
             The game lasted 01:13:19 (24296 turns).

Peloso the Fencer (Minotaur Fighter)               Turns: 24296, Time: 01:13:19

Health: -18/143    AC: 28    Str: 32    XL:     16   Next: 13%
Magic:  0/17       EV: 13    Int:  8    God:    Okawaru [******]
Gold:   2821       SH: 11    Dex: 22    Spells: 15/15 levels left

rFire   + . .        a - +2 scimitar (flame)
rCold   x . .        d - +2 buckler {AC+3}
rNeg    + . .        g - +0 plate armour of Narcissism {Will+ Str+2}
rPois   +            L - +1 hat "Huigriys" {rElec Str+4 Int+3}
rElec   +            k - +1 cloak "Jolutihie" {-Cast Regen+ Dex+5}
rCorr   .            F - +1 Delatra's gloves {ID++}
SInv    .            Z - +0 pair of boots "Geirgh" {Will+}
Will    +++..        K - amulet of regeneration Stlth
                     U - ring "Sysch" {Fly rPois rC- rN+ Dex+6}
HPRegen 2.03/turn    M - ring of protection from fire
MPRegen 0.15/turn

%: no spellcasting
@: flying, studying Evocations
A: horns 2, retaliatory headbutt, clumsy 1, frail 1
a: Renounce Religion, Heroism, Finesse, Duel


You were in a wizard's laboratory.
You worshipped Okawaru.
Okawaru was exalted by your worship.
You visited 5 branches of the dungeon, and saw 24 of its levels.
You visited 1 bazaar.
You also visited: Sewer, Bailey, Gauntlet and Wizlab.

You collected 3794 gold pieces.
You spent 973 gold pieces at shops.

Inventory:

Hand Weapons
 a - a +2 scimitar of flaming (weapon)
 b - a +2 scimitar of freezing
Armour
 d - a +2 buckler of protection (worn)
 f - a +3 chain mail of cold resistance
 g - the +0 plate armour of Narcissism (worn) {Will+ Str+2}
   (Okawaru gifted it to you on level 2 of the Orcish Mines)

   Str:       It affects your strength (+2).
   Will:      It increases your willpower.
 k - the +1 cloak "Jolutihie" (worn) {-Cast Regen+ Dex+5}
   (Okawaru gifted it to you on level 11 of the Dungeon)

   Dex:       It affects your dexterity (+5).
   -Cast:     It prevents spellcasting.
   Regen:     It increases your rate of health regeneration.
 z - the +1 chain mail of Kurazan {rC+ rN++ Slay+2}
   (You found it on level 3 of the Dungeon)

   Slay:      It affects your accuracy & damage with ranged weapons and melee
   (+2).
   rC:        It protects you from cold.
   rN:        It greatly protects you from negative energy.
 F - the +1 Delatra's gloves (worn) {ID++}
   (You found it on level 6 of the Dungeon)

   ID++:      It heals its wearer when they drink unknown potions, and restores
   their MP when they read unknown scrolls.
 L - the +1 hat "Huigriys" (worn) {rElec Str+4 Int+3}
   (Okawaru gifted it to you on level 2 of the Lair of Beasts)

   Str:       It affects your strength (+4).
   Int:       It affects your intelligence (+3).
   rElec:     It insulates you from electricity.
 Z - the +0 pair of boots "Geirgh" (worn) {Will+}
   (Okawaru gifted it to you on level 13 of the Dungeon)

   Will:      It increases your willpower.
Jewellery
 v - a ring of resist corrosion
 K - an amulet of regeneration (around neck)
 M - a ring of protection from fire (right hand)
 U - the ring "Sysch" (left hand) {Fly rPois rC- rN+ Dex+6}
   (You found it in a Gauntlet)

   [ring of dexterity]

   Dex:       It affects your dexterity (+6).
   rC:        It makes you vulnerable to cold.
   rPois:     It protects you from poison.
   rN:        It protects you from negative energy.
   Fly:       It grants you flight.
 V - the ring of Hospitality {Dex+6 SInv}
   (You took it off a minotaur in a Gauntlet)

   [ring of dexterity]

   Dex:       It affects your dexterity (+6).
   SInv:      It lets you see invisible.
Wands
 e - a wand of digging (1)
 n - a wand of iceblast (1)
 r - a wand of acid (5)
 x - a wand of flame (12)
 C - a wand of paralysis (13)
Scrolls
 c - 2 scrolls of identify
 i - 10 scrolls of teleportation
 l - a scroll of enchant armour
 o - 4 scrolls of blinking
 p - 4 scrolls of poison
 q - 2 scrolls of magic mapping
 w - 3 scrolls of enchant weapon
 y - 2 scrolls of immolation
 G - 3 scrolls of fear
 T - a scroll of noise
Potions
 h - 3 potions of might
 j - 6 potions of haste
 m - 3 potions of flight
 t - a potion of magic
 u - a potion of berserk rage
 A - a potion of ambrosia
 D - 4 potions of heal wounds
 H - 4 potions of mutation
 Y - 6 potions of curing


   Skills:
 + Level 18.4 Fighting
 + Level 18.6 Long Blades
 + Level 15.5 Armour
 + Level 7.5 Dodging
 + Level 3.2 Stealth
 + Level 15.5 Shields
 + Level 3.2 Invocations
 + Level 0.3 Evocations


You had 15 spell levels left.
You didn't know any spells.
Your spell library contained the following spells:

 Spells                   Type           Power      Damage    Failure   Level
 Beastly Appendage        Tmut           0%         N/A       92%         1
 Sandblast                Erth           0%         2d4       92%         1
 Sting                    Tmut/Pois      0%         1d3       92%         1
 Cigotuvi's Dreadful Rot  Necr/Pois/Air  0%         N/A       98%         2
 Passwall                 Tmut/Erth      0%         N/A       98%         2
 Poisonous Vapours        Pois/Air       0%         N/A       98%         2
 Wereblood                Tmut           0%         N/A       98%         2
 Frozen Ramparts          Ice            0%         1d1       100%        3
 Gell's Gravitas          Tloc           0%         N/A       100%        3
 Ignite Poison            Fire/Tmut/Pois 0%         N/A       100%        3
 Spider Form              Tmut/Pois      0%         N/A       100%        3
 Stone Arrow              Conj/Erth      0%         3d7       100%        3
 Teleport Other           Tloc           0%         N/A       100%        3
 Ice Form                 Ice/Tmut       0%         N/A       100%        4
 Olgreb's Toxic Radiance  Pois           0%         N/A       100%        4
 Passage of Golubria      Tloc           0%         N/A       100%        4
 Freezing Cloud           Conj/Ice/Air   0%         6-21      100%        5
 Silence                  Hex/Air        0%         N/A       100%        5
 Dispersal                Tloc           0%         N/A       100%        6
 Eringya's Noxious Bog    Tmut/Pois      0%         N/A       100%        6
 Storm Form               Tmut/Air       0%         N/A       100%        7
 Lehudib's Crystal Spear  Conj/Erth      0%         10d2      100%        8
 Maxwell's Capacitive Co  Air            0%         ∞         100%        8
 Summon Ice Beast         Ice/Summ       Unusable   N/A       N/A         4
 Summon Lightning Spire   Summ/Air       Unusable   N/A       N/A         4
 Summon Forest            Summ/Tloc      Unusable   N/A       N/A         5
 Summon Hydra             Summ           Unusable   N/A       N/A         7

Dungeon Overview and Level Annotations

Branches:
Dungeon (15/15)            Temple (1/1) D:4            Lair (5/5) D:10
 Shoals (0/4) Lair:3       Spider (0/4) Lair:2        Slime (0/5) Lair:4
    Orc (2/2) D:12            Elf (1/3) Orc:2        Vaults (0/5) D:13
 Depths (0/4) D:15          Sewer (visited)          Bailey (visited)
 WizLab (1/1)             Gauntlet (visited)

Altars:
Ashenzari
Dithmenos
Elyvilon
Fedhas
Kikubaaqudgha
Okawaru
Qazlal
Ru
Sif Muna
Vehumet
Wu Jian
Jiyva

Shops:
D:13 =   Orc:2 [([?   Elf:1 (

Annotations:
D:14 Casa


Innate Abilities, Weirdness & Mutations

You have a pair of horns on your head.
You reflexively headbutt those who attack you in melee.
You are clumsy. (Dex -2)
You are frail. (-10% HP)


Message History

The bolt of lightning misses the black draconian knight.
You hit the black draconian knight but do no damage.
You block the naga mage's attack. The naga mage constricts you.
A tengu reaver comes into view.
It is wielding a +1 antimagic great mace and wearing a +0 chain mail of willpower.
Unknown command.
You slice the black draconian knight!! You burn the black draconian knight.
You headbutt the black draconian knight.
The black draconian knight is moderately wounded.
The black draconian knight hits you with a +4 antimagic demon blade!
* * * LOW HITPOINT WARNING * * *
You feel your power leaking away. The naga mage barely misses you.
The naga mage constricts you.
The black draconian knight mumbles some strange words.
The black draconian knight seems to speed up.
As you read the scroll of teleportation, it crumbles to dust.
You feel strangely unstable. You block the naga mage's attack.
The naga mage constricts you.
The black draconian knight casts a spell.
The black draconian knight flickers and vanishes!
Deactivating autopickup; reactivate with Ctrl-A.
The black draconian knight hits you with a +4 antimagic demon blade!!
* * * LOW HITPOINT WARNING * * *
The naga mage hits you but does no damage.
The naga mage constricts you.
Blink to where?
Press: ? - help, Dir - move target You escape the naga mage's grasp.
As you read the scroll of blinking, it crumbles to dust.
You feel much better.
The black draconian knight breathes lightning at you.
The bolt of lightning misses you.
Your surroundings suddenly seem different.
Found four items.
You feel like a meek peon again.
A bolt of lightning appears from out of thin air!
The bolt of lightning hits you! You resist.
* * * LOW HITPOINT WARNING * * *
The tengu reaver gestures at you while chanting.
The bolt of cold hits you!!!
You feel a terrible chill!
You die...

##### #!:.# #?:.# .
#...#....... ..#
#...#..##..##..#
#.@.'.......SeS+
♣♣♣#######..........####
♣♣♣♣........##.Q....@.##...
♣♣............###...q###....
♣♣....####.......##'N##......
♣....##..............q[......
♣....#....##........§§§...##.
♣..##....##.....#.♣.§§##....#
♣..##...##.....##...§§§.....#


You could see a tengu reaver.

Vanquished Creatures
  A Head Instructor (WizLab)
  Rupert (Lair:5)
  A quicksilver dragon (WizLab)
  Gastronok (D:8)
  Kirke (D:13)
  A tengu reaver (WizLab)
  A juggernaut zombie (D:15)
  A vampire knight (WizLab)
  A minotaur (Gauntlet)
  A dire elephant (Lair:5)
  5 deep elf death magi (Elf:1)
  A spectral spriggan (D:15)
  An entropy weaver (shapeshifter) (D:13)
  The ghost of tykejmi the Destroyer, a journeyman DgCj (D:15)
  A hydra (D:14)
  2 death knights
  A spriggan air mage (WizLab)
  4 boulder beetles
  5 two-headed ogres
  2 catoblepae (Lair:5)
  2 centaur warriors
  2 ogre magi (WizLab)
  6 death yaks
  A tengu warrior (D:15)
  A vampire mage (WizLab)
  A deep troll shaman (Lair:5)
  Urug (Orc:1)
  3 orc high priests (Orc:2)
  2 deep elf knights (WizLab)
  Nergalle (Lair:1)
  A skyshark (Lair:4)
  A hell knight (WizLab)
  A soul eater (Gauntlet)
  A death drake (Gauntlet)
  A salamander mystic (WizLab)
  3 skeletal warriors
  The ghost of zacktheperson the Zephyrmancer, a novice TeAE (D:10)
  A fire crab (shapeshifter) (D:15)
  A shadow wraith (D:15)
  A spriggan simulacrum (D:15)
  A flayed ghost (D:15)
  2 deep elf archers (Elf:1)
  5 orc knights
  3 wizards
  7 deep elf zephyrmancers (Elf:1)
  A necromancer (D:15)
  A tengu zombie (D:15)
  3 mana vipers (WizLab)
  2 deep elf pyromancers
  5 manticores
  2 oklob plants (D:8)
  4 orc sorcerers
  A frost giant zombie (D:15)
  5 cyclopes
  15 ugly things
  10 elephants (Lair:5)
  23 slime creatures
  A centaur zombie (Gauntlet)
  5 black mambas
  Joseph (D:7)
  A torpor snail (Lair:2)
  12 cane toads
  A cane toad (shapeshifter) (Elf:1)
  2 gargoyles
  A spriggan zombie (D:15)
  13 komodo dragons
  An unseen horror (D:12)
  A freezing wraith (D:14)
  An efreet (D:13)
  A rime drake (Lair:5)
  3 kobold demonologists
  2 tengu conjurers
  2 polar bears (Lair:5)
  6 meliai
  A wind drake (Lair:3)
  7 trolls
  A meliai zombie (Gauntlet)
  A hornet (D:8)
  An ettin zombie (D:15)
  9 blink frogs
  6 dream sheep (Lair:4)
  2 culicivoras (Lair:2)
  A jumping spider (Lair:2)
  An air elemental (Elf:1)
  28 yaks
  A jumping spider (shapeshifter) (D:13)
  5 wraiths
  3 humans (D:13)
  8 wyverns
  3 hogs (D:13)
  4 basilisks
  A steam dragon (D:6)
  7 redbacks (Lair:2)
  2 neqoxecs (D:10)
  6 vampire mosquitoes (D:11)
  A redback (shapeshifter) (D:13)
  Menkaure (D:7)
  2 wargs (Orc:1)
  A glowing shapeshifter zombie (D:15)
  13 water moccasins
  Duvessa (D:7)
  An acid dragon (D:13)
  A swamp drake (D:12)
  A floating eye (D:8)
  25 orc warriors
  3 black bears
  4 sky beasts
  2 ice beasts (D:7)
  2 centaurs (D:8)
  10 wolves
  8 ogres
  2 phantoms
  9 bullfrogs
  3 gnoll sergeants
  3 scorpions
  5 wights (D:10)
  Dowan (D:7)
  4 killer bees (D:10)
  10 howler monkeys
  2 jellies
  4 hounds
  3 quasits (D:10)
  Crazy Yiuf (D:2)
  2 gnoll boudas
  15 orc priests
  Natasha (thrice) (D:3)
  4 iguanas
  Ijyb (D:3)
  16 orc wizards
  5 hell rats (Lair:3)
  Robin (D:2)
  22 gnolls
  14 adders
  4 shadow imps (Gauntlet)
  A white imp (D:7)
  6 dart slugs
  85 orcs
  5 bats
  14 endoplasms
  15 giant cockroaches
  19 goblins
  16 hobgoblins
  2 jackals
  15 quokkas
  8 ball pythons
  7 frilled lizards
  18 kobolds
  5 rats
733 creatures vanquished.

Vanquished Creatures (others)
  An ogre mage (D:15)
  A deep elf zephyrmancer (Elf:1)
  A sky beast (D:7)
  An orc priest (Orc:2)
  An orc wizard (D:12)
5 creatures vanquished.

Grand Total: 738 creatures vanquished

Notes
Turn   | Place    | Note
-------+----------+-------------------------------------------
     0 | D:1      | Peloso the Minotaur Fighter began the quest for the Orb.
     0 | D:1      | Reached XP level 1. HP: 19/19 MP: 0/0
   206 | D:1      | Reached XP level 2. HP: 27/27 MP: 1/1
   360 | D:1      | Found a faded altar of an unknown god.
  1042 | D:2      | Found a sacrificial altar of Ru.
  1088 | D:2      | Reached XP level 3. HP: 32/33 MP: 2/2
  1112 | D:2      | Noticed Robin
  1161 | D:2      | Killed Robin
  1162 | D:2      | Reached skill level 1 in Dodging
  1210 | D:2      | Reached XP level 4. HP: 39/40 MP: 3/3
  1310 | D:2      | Found a runed translucent door.
  1311 | D:2      | Noticed Crazy Yiuf
  1852 | D:3      | Reached XP level 5. HP: 37/46 MP: 4/4
  2068 | D:3      | Noticed Ijyb
  2106 | D:3      | Killed Ijyb
  2359 | D:3      | Noticed Natasha
  2361 | D:3      | Killed Natasha
  2382 | D:3      | Identified the +1 chain mail of Kurazan {rC+ rN++ Slay+2}
  2434 | D:3      | Noticed Natasha
  2443 | D:3      | Killed Natasha
  2486 | D:3      | Noticed Natasha
  2495 | D:3      | Killed Natasha
  2496 | D:3      | Reached skill level 5 in Shields
  2813 | D:2      | Killed Crazy Yiuf
  2814 | D:2      | Reached skill level 5 in Long Blades
  2814 | D:2      | Reached XP level 6. HP: 53/53 MP: 5/5
  2974 | D:4      | Found a staircase to the Ecumenical Temple.
  2990 | Temple   | Entered the Ecumenical Temple
  3135 | Temple   | Became a worshipper of Warmaster Okawaru
  3202 | D:4      | Reached skill level 5 in Fighting
  3582 | D:4      | Reached XP level 7. HP: 50/61 MP: 6/6
  3894 | D:4      | Found a shadowy altar of Dithmenos.
  3923 | D:4      | Reached * piety under Okawaru
  3924 | D:4      | Reached skill level 5 in Armour
  4053 | D:5      | Entered Level 5 of the Dungeon
  4194 | D:5      | Found a glowing drain.
  4219 | Sewer    | Entered a sewer
  4494 | Sewer    | Reached XP level 8. HP: 62/70 MP: 7/7
  5466 | D:6      | Reached ** piety under Okawaru
  5482 | D:6      | Found the +1 Delatra's gloves {ID++}
  6067 | D:6      | Reached XP level 9. HP: 14/79 MP: 5/8
  6503 | D:7      | Found a flagged portal.
  6525 | D:7      | Noticed Duvessa
  6527 | D:7      | Noticed Joseph
  6530 | D:7      | Noticed Dowan
  6540 | D:7      | Killed Duvessa
  6546 | D:7      | Reached skill level 10 in Long Blades
  6558 | D:7      | Killed Dowan
  6587 | D:7      | Killed Joseph
  6592 | D:7      | Noticed Menkaure
  6601 | D:7      | Killed Menkaure
  6632 | D:7      | Reached *** piety under Okawaru
  6655 | Bailey   | Entered a bailey
  6782 | Bailey   | Noticed an orc knight
  6808 | Bailey   | Killed an orc knight
  6809 | Bailey   | Reached skill level 1 in Invocations
  6931 | Bailey   | Reached XP level 10. HP: 90/90 MP: 6/9
  7078 | Bailey   | Identified the +0 helmet of Zin's Regard {rElec Will-
                  | Regen+ SInv}
  7476 | D:8      | Noticed Gastronok
  7489 | D:8      | Killed Gastronok
  7491 | D:8      | Reached **** piety under Okawaru
  7638 | D:8      | Noticed an oklob plant
  7639 | D:8      | Paralysed by a floating eye for 4 turns
  7743 | D:8      | Noticed an oklob plant
  7746 | D:8      | Paralysed by a floating eye for 2 turns
  7752 | D:8      | Paralysed by a floating eye for 2 turns
  7858 | D:8      | You are sucked into a shaft and drop 2 floors!
  7858 | D:10     | Entered Level 10 of the Dungeon
  8065 | D:8      | Killed an oklob plant
  8302 | D:8      | Killed an oklob plant
  8302 | D:8      | Reached ***** piety under Okawaru
  8623 | D:9      | Reached XP level 11. HP: 78/99 MP: 11/11
  8666 | D:9      | Reached skill level 10 in Armour
  8687 | D:9      | Received a gift from Okawaru
  8688 | D:9      | Reached skill level 10 in Fighting
 10137 | D:10     | Found a transporter.
 10140 | D:10     | Noticed zacktheperson's ghost (novice TeAE)
 10156 | D:10     | Found a transporter.
 10245 | D:10     | Found a staircase to the Lair.
 10479 | Lair:1   | Entered Level 1 of the Lair of Beasts
 10479 | Lair:1   | Noticed Nergalle
 10492 | Lair:1   | Killed Nergalle
 10871 | Lair:1   | Received a gift from Okawaru
 11233 | Lair:2   | Found a hole to the Spider Nest.
 11309 | Lair:2   | Reached XP level 12. HP: 73/111 MP: 12/12
 11729 | Lair:2   | Identified the +1 hat "Huigriys" {rElec Str+4 Int+3}
                  | (Okawaru gifted it to you on level 2 of the Lair of Beasts)
 11729 | Lair:2   | Received a gift from Okawaru
 11763 | Lair:2   | Reached ****** piety under Okawaru
 12105 | Lair:3   | Noticed a death yak
 12105 | Lair:3   | Noticed a death yak
 12105 | Lair:3   | Noticed a death yak
 12115 | Lair:2   | Killed a death yak
 12116 | Lair:2   | Reached skill level 15 in Long Blades
 12134 | Lair:2   | Killed a death yak
 12147 | Lair:2   | Killed a death yak
 12148 | Lair:2   | Reached skill level 10 in Shields
 12654 | Lair:3   | Reached skill level 1 in Stealth
 12791 | Lair:3   | Found a staircase to the Shoals.
 13196 | D:11     | Found a gate leading to a gauntlet.
 13222 | Gauntlet | Entered a Gauntlet
 13222 | Gauntlet | Found a transporter.
 13222 | Gauntlet | Found a transporter.
 13225 | Gauntlet | Found a transporter.
 13225 | Gauntlet | Found a transporter.
 13228 | Gauntlet | Found a transporter.
 13281 | Gauntlet | Found a transporter.
 13283 | Gauntlet | Found a transporter.
 13323 | Gauntlet | Found a transporter.
 13326 | Gauntlet | Found a transporter.
 13326 | Gauntlet | Found a transporter.
 13341 | Gauntlet | Found a transporter.
 13357 | Gauntlet | Found a transporter.
 13379 | Gauntlet | Found a transporter.
 13391 | Gauntlet | Found a transporter.
 13506 | Gauntlet | Identified the +9 great sword "Qecha Hiok" {freeze, SInv}
 13563 | Gauntlet | Identified the +5 war axe of Xocul {antimagic, rC+ rN++
                  | rCorr Str-4}
 13595 | Gauntlet | Identified the ring "Sysch" {Fly rPois rC- rN+ Dex+6}
 13653 | Gauntlet | Identified the ring of Hospitality {Dex+6 SInv}
 13653 | Gauntlet | Noticed a minotaur
 13664 | Gauntlet | Killed a minotaur
 13665 | Gauntlet | Reached XP level 13. HP: 113/122 MP: 11/13
 13678 | Gauntlet | Identified the +2 hat of Defiance {+Inv Int+4}
 14134 | D:11     | Identified the +1 cloak "Jolutihie" {-Cast Regen+ Dex+5}
                  | (Okawaru gifted it to you on level 11 of the Dungeon)
 14134 | D:11     | Received a gift from Okawaru
 14712 | Lair:4   | Identified a scroll of acquirement
 14883 | Lair:4   | Reached skill level 5 in Dodging
 15035 | Lair:4   | Found a viscous altar of Jiyva.
 15035 | Lair:4   | Found a staircase to the Slime Pits.
 15626 | D:12     | Found a flickering gateway to a bazaar.
 15646 | Bazaar   | Entered a bazaar
 15646 | Bazaar   | Found Roarag's Assorted Antiques.
 15646 | Bazaar   | Found Inearphaca's Magic Scroll Shoppe.
 15646 | Bazaar   | Found Nesmef's Assorted Antiques.
 15646 | Bazaar   | Found Joymiumo's Distillery.
 15660 | Bazaar   | Bought a puce potion for 18 gold pieces
 15660 | Bazaar   | Bought a fizzy green potion for 18 gold pieces
 15668 | Bazaar   | Acquired 246 gold pieces
 15675 | Bazaar   | Bought a scroll of acquirement for 780 gold pieces
 15678 | Bazaar   | Acquired 653 gold pieces
 15693 | Bazaar   | Bought a scroll of magic mapping for 157 gold pieces
 16042 | D:12     | Found a staircase to the Orcish Mines.
 16418 | D:13     | Identified the +3 pair of boots of Courage {Int+5}
 16423 | D:13     | Found a gate to the Vaults.
 16656 | D:13     | Found Heiq's Jewellery Shop.
 16672 | D:13     | Identified the +0 pair of boots "Geirgh" {Will+} (Okawaru
                  | gifted it to you on level 13 of the Dungeon)
 16672 | D:13     | Received a gift from Okawaru
 16849 | D:13     | Noticed Kirke
 16868 | D:13     | Killed Kirke
 17257 | D:14     | Reached XP level 14. HP: 130/133 MP: 12/14
 17342 | D:14     | Reached skill level 15 in Fighting
 17957 | D:15     | Entered Level 15 of the Dungeon
 18225 | D:15     | Found a radiant altar of Vehumet.
 18242 | D:15     | Found a staircase to the Depths.
 18510 | Lair:5   | Entered Level 5 of the Lair of Beasts
 18730 | Lair:5   | Received a gift from Okawaru
 19172 | Lair:5   | Noticed Rupert
 19192 | Lair:5   | Killed Rupert
 19964 | Orc:1    | Entered Level 1 of the Orcish Mines
 19983 | Orc:1    | Noticed Urug
 20006 | Orc:1    | Killed Urug
 20030 | Orc:1    | Paralysed by an orc sorcerer for 3 turns
 20315 | Orc:2    | Entered Level 2 of the Orcish Mines
 20479 | Orc:2    | Found a staircase to the Elven Halls.
 20602 | Orc:2    | Reached XP level 15. HP: 126/145 MP: 14/16
 20793 | Orc:2    | Identified the +0 plate armour of Narcissism {Will+ Str+2}
                  | (Okawaru gifted it to you on level 2 of the Orcish Mines)
 20793 | Orc:2    | Received a gift from Okawaru
 20799 | Orc:2    | Found Laahif's Antique Armour Emporium.
 20799 | Orc:2    | Found Voumar's Magic Scroll Shop.
 20814 | Orc:2    | Found Teoc Zebbu's Weapon Emporium.
 20814 | Orc:2    | Found Copliy's Antique Armour Shop.
 21604 | D:15     | Noticed tykejmi's ghost (journeyman DgCj)
 21628 | D:15     | Found a transporter.
 21636 | D:15     | Found a transporter.
 22169 | D:10     | Gained mutation: You are frail. (-10% HP) [a neqoxec]
 22171 | D:10     | Gained mutation: You are clumsy. (Dex -2) [a neqoxec]
 22178 | D:10     | Killed zacktheperson's ghost
 22371 | D:15     | Killed tykejmi's ghost
 22735 | Lair:5   | Reached skill level 15 in Armour
 23429 | Elf:1    | Entered Level 1 of the Elven Halls
 23472 | Elf:1    | Reached skill level 15 in Shields
 23482 | Elf:1    | Found a magical portal.
 23648 | Elf:1    | Found Peffuodd's Antique Weapon Emporium.
 23651 | Elf:1    | Paralysed by an air elemental for 1 turns
 23657 | Elf:1    | Paralysed by an air elemental for 1 turns
 23731 | WizLab   | Entered Yara's Duelist Academy
 23755 | WizLab   | Noticed a tengu reaver
 23768 | WizLab   | Killed a tengu reaver
 23774 | WizLab   | Noticed a quicksilver dragon
 23798 | WizLab   | Killed a quicksilver dragon
 23945 | WizLab   | Reached XP level 16. HP: 141/141 MP: 17/17
 24054 | WizLab   | Received a gift from Okawaru
 24261 | WizLab   | Noticed Nusa
 24277 | WizLab   | Killed Nusa the Head Instructor
 24282 | WizLab   | Received a gift from Okawaru
 24290 | WizLab   | Noticed a tengu reaver
 24292 | WizLab   | HP: 7/143 [black draconian knight/+4 antimagic demon blade
                  | (24)]
 24296 | WizLab   | Killed from afar by a tengu reaver

Illustrated notes

Levels and vault maps discovered:
D:1:      dpeg_arrival_arbitrary_c, layout_loops_corners,
          basic_ecumenical_altar, minmay_unequal
D:2:      layout_rooms, basic_altar, minivault_4, uniq_robin,
          uniq_crazy_yiuf_cottage
D:3:      layout_basic, minmay_misc_feat_tiny, uniq_natasha, uniq_ijyb
D:4:      layout_cave_pods, nicolae_overflow_crystal_walls,
          minmay_temple_entry_ruins
D:5:      layout_basic, gup_sewer_entry_glass
D:6:      layout_cave_pools, pf_guarded_unrand_delatra
D:7:      layout_rooms, enter_bailey_3, corexii_leaking_fountain,
          chequers_decorated_corner, uniq_duvessa, uniq_menkaure, uniq_joseph
D:8:      layout_rooms, disabler_island, uniq_gastronok
D:9:      layout_layer_cave, billiards_dpeg
D:10:     layout_small_grid, david_lair_shrubbed, gammafunk_ghost_stat_death
D:11:     layout_cave_pods, gauntlet_entry_generic
D:12:     layout_roguey, erik_orc_1, serial_shops, bzr_in_the_mist
D:13:     layout_loops_ring, david_vaults_2, serial_shops, shop, uniq_kirke
D:14:     layout_long_grid, hellmonk_bongcloud_opening
D:15:     gammafunk_depths_entry_grave, layout_basic, gammafunk_ghost_mausoleum,
          vehumet_crystals
Temple:   mainiacjoe_temple_trianglar_array
Lair:1:   layout_roguey, chequers_serial_rivers_small_b,
          amcnicky_mini_pool_medium, serial_bayou_shore_a, serial_bayou_shore_b,
          uniq_nergalle
Lair:2:   layout_chaotic_city, nicolae_spider_entry_tight_spaces,
          grunt_megastairs_4
Lair:3:   layout_hall_layers, minmay_shoals_entry_beasts, grunt_megastairs_1
Lair:4:   layout_roguey, dpeg_slime_entry_enclosed, serial_bayou_shore_b,
          lemuel_fruit_fields, grunt_megastairs_5, serial_bayou_shore_b
Lair:5:   grunt_lair_end_beastmaster, layout_regular_city,
          infiniplex_staircase_pool_2, uniq_rupert
Orc:1:    layout_diamond_mine, basic_altar, uniq_urug
Orc:2:    grunt_orc_tribal_feast, layout_diamond_mine, special_room
Elf:1:    layout_loops_corners, serial_shops, shop,
          lightli_enter_wizlab_magi_temple, minmay_elf_crystal_heptagon
WizLab:   wizlab_yara

Skill      XL: |  1  2  3  4  5  6  7  8  9 10 11 12 13 14 15 |
---------------+----------------------------------------------+-----
Shields        | 4 5 6 7 9 10 12 14 15 | 15.5
Armour         | 4 5 6 8 9 11 12 14 15 | 15.5
Fighting       | 4 5 7 8 9 11 13 14 16 18 | 18.4
Long Blades    | 3 4 5 6 7 9 11 13 14 15 16 17 18 | 18.6
Dodging        | 1 2 3 4 5 6 7 |  7.5
Invocations    | 1 2 3 |  3.2
Stealth        | 1 2 3 |  3.2
Evocations     | |  0.3

Action                     |  1- 3 |  4- 6 |  7- 9 | 10-12 | 13-15 | 16-18 || total
---------------------------+-------+-------+-------+-------+-------+-------++-------
  Melee: Long sword        |    87 |   138 |   429 |    17 |       |       ||   671
         Headbutt          |    13 |    26 |    80 |   151 |   333 |    13 ||   616
         Scimitar          |       |       |       |   651 |  1165 |    55 ||  1871
 Invoke: Heroism           |       |       |     6 |     8 |    15 |     1 ||    30
  Evoke: Wand              |       |       |       |       |     3 |       ||     3
    Use: Potion            |       |     3 |     2 |     2 |     4 |     2 ||    13
         Scroll            |       |     2 |    11 |     7 |    11 |     2 ||    33
   Stab: Confused          |       |       |       |       |     1 |       ||     1
         Invisible         |       |       |       |       |     6 |       ||     6
         Distracted        |       |       |       |       |     1 |       ||     1
 Armour: Scale mail        |    14 |       |       |       |       |       ||    14
         Plate armour      |    38 |    31 |       |       |    77 |    31 ||   177
         Chain mail        |       |    50 |   221 |   301 |   392 |       ||   964
  Dodge: Dodged            |    42 |    80 |   237 |   247 |   603 |    19 ||  1228
  Block: Buckler           |    20 |    42 |   103 |   231 |   611 |    25 ||  1032
